Map: Ice and Chrome LE

Players

MarineLorD - Winner!

  • Race: Terran Terran
  • Spawn Location: 1:00

Rail

  • Race: Protoss Protoss
  • League: Grandmaster
  • Spawn Location: 7:00

Event: DreamHack SC2 Masters 2020 Summer Europe

VOD

Have the link to the VOD?

Description

Time

  • Played on: July 2, 2020, 10:37 a.m.
  • Length: 13:17

All games in this series

Show
View Real Time Build Order
Export as new Build Order

MarineLorD Terran - Winner!

Build Orders: Reaper Expand 

Get SALT Encoding   

  12  0:00  SCV  
  13  0:12  SCV  
  14  0:18  Supply Depot  
  14  0:24  SCV  
  15  0:40  SCV  
  15  0:42  Barracks  
  16  0:44  Refinery  
  16  0:52  SCV  
  17  1:04  SCV  
  18  1:16  SCV  
  19  1:29  Reaper, Orbital Command  
  20  1:39  Command Center  
  20  1:46  Supply Depot  
  20  1:54  SCV  
  21  2:01  Barracks Reactor  
  21  2:06  SCV  
  22  2:18  Command Center  
  22  2:20  SCV  
  23  2:35  SCV  
  24  2:38  Marine x2, Barracks  
  26  2:47  SCV  
  27  2:52  Orbital Command  
  27  2:56  Marine x2  
  29  2:59  SCV  
  29  3:04  Barracks  
  30  3:11  SCV  
  31  3:14  Marine x2  
  31  3:18  SCV  
  33  3:23  SCV  
  33  3:27  Refinery, Barracks Tech Lab  
  34  3:32  Marine x2  
  34  3:33  Orbital Command  
  36  3:34  SCV  
  36  3:36  SCV  
  38  3:46  SCV, Stimpack, Marine  
  38  3:48  SCV  
  41  3:52  Barracks Tech Lab  
  41  3:56  Marine x2  
  41  3:57  Factory  
  41  3:59  SCV  
  41  4:00  SCV x2  
  46  4:05  Marauder  
  46  4:07  Engineering Bay  
  48  4:11  SCV  
  48  4:12  SCV x2  
  48  4:15  Combat Shield  
  48  4:17  Marine x2  
  51  4:21  Supply Depot  
  51  4:23  Marauder  
  55  4:25  SCV  
  55  4:27  SCV  
  55  4:29  SCV  
  58  4:34  Terran Infantry Weapons Level 1  
  58  4:36  Marine x2  
  59  4:40  SCV  
  59  4:42  SCV, Missile Turret  
  61  4:45  Marine x2  
  61  4:49  Refinery  
  61  4:50  Refinery  
  63  4:53  Missile Turret, Starport  
  63  4:57  Marine x2  
  63  4:58  Factory Reactor  
  65  5:00  SCV x2  
  65  5:03  Supply Depot  
  65  5:04  Supply Depot  
  67  5:07  Supply Depot  
  67  5:12  SCV  
  69  5:16  SCV, Orbital Command  
  69  5:24  Marine x2  
  69  5:25  SCV, Marauder x2  
  69  5:26  Supply Depot  
  69  5:27  Supply Depot  
  69  5:28  SCV  
  77  5:32  Concussive Shells  
  77  5:37  SCV, Medivac  
  77  5:38  Medivac  
  77  5:40  SCV  
  83  5:43  SCV, Factory Reactor  
  83  5:49  SCV, Supply Depot, Marauder x2, Marine x2  
  91  5:52  SCV  
  91  5:55  SCV  
  93  6:00  Missile Turret  
  93  6:01  SCV  
  94  6:04  SCV  
  94  6:06  Marine x2  
  94  6:07  SCV  
  94  6:08  Medivac  
  94  6:09  Medivac  
  94  6:10  Marauder x2  
  106  6:18  Barracks x2  
  106  6:19  SCV  
  106  6:20  SCV  
  112  6:25  Widow Mine x2  
  112  6:28  Supply Depot, Terran Infantry Armor Level 1  
  112  6:29  Supply Depot  
  112  6:31  SCV x2  
  112  6:32  SCV  
  115  6:38  Marauder  
  117  6:50  SCV x2, Medivac x2, Marine x2  
  117  6:51  SCV  
  126  6:59  Marauder  
  128  7:02  SCV x2  
  128  7:03  SCV  
  128  7:05  Supply Depot x2  
  128  7:06  Supply Depot  
  128  7:08  Refinery  
  131  7:09  Barracks Reactor, Refinery, Marauder, Barracks Tech Lab  
  133  7:20  Ghost Academy  
  133  7:23  Armory, Engineering Bay  
  133  7:27  SCV, Marine x2, Widow Mine x2  
  140  7:32  Supply Depot x2  
  140  7:33  Supply Depot, Marauder x3  
  146  7:44  Supply Depot  
  146  7:47  Supply Depot  
  146  7:48  Command Center  
  146  7:49  Medivac x2  
  151  7:51  SCV x3  
  135  8:07  Marine x2  
  135  8:12  Ghost x3  
  133  8:14  Enhanced Shockwaves  
  133  8:16  Marine  
  133  8:17  Marine  
  137  8:20  Widow Mine x2  
  137  8:22  Barracks x3  
  137  8:27  SCV x3  
  143  8:28  Sensor Tower  
  143  8:29  Terran Infantry Weapons Level 2  
  143  8:33  Marine x2  
  146  8:34  Marine x2  
  146  8:40  Terran Infantry Armor Level 2  
  148  8:41  Marine  
  148  8:42  Missile Turret  
  148  8:43  Missile Turret, Refinery  
  148  8:44  Refinery  
  148  8:45  Terran Ship Weapons Level 1  
  149  8:53  Marauder x2, Marine x2  
  155  8:59  Planetary Fortress  
  154  9:11  Command Center  
  154  9:16  Marauder  
  154  9:17  Barracks Reactor, Marauder x2, Barracks Tech Lab x2  
  159  9:18  Marine x2  
  159  9:19  Marine x2  
  163  9:38  Marauder  
  161  9:42  Liberator x2  
  167  9:46  Marine x2  
  167  9:47  Marauder  
  167  9:54  Marine  
  167  9:55  Marauder  
  167  9:56  Marauder x2, Marine x3  
  167  9:59  Marauder  
  179  10:04  Starport, Marine x2  
  181  10:07  Fusion Core  
  181  10:08  Marauder  
  181  10:12  Marine  
  179  10:14  Marine x2  
  179  10:15  Marine  
  179  10:20  Marine  
  184  10:25  Planetary Fortress, Missile Turret  
  184  10:34  Ghost x2  
  184  10:35  Ghost x2  
  187  10:38  Ghost, Widow Mine x2  
  192  10:45  Missile Turret  
  192  10:46  Missile Turret  
  192  10:49  Marine  
  192  10:50  Marine  
  192  10:51  Marine  
  192  10:55  Marine x2  
  192  10:56  Marine  
  185  11:03  Ghost  
  185  11:04  Marauder x3  
  163  11:06  Marine  
  163  11:07  Marine, Liberator  
  163  11:08  Marine x2  
  164  11:13  Marine x2  
  164  11:14  Marine  
  167  11:24  Marine  
  167  11:25  Ghost, Marauder x2, Marine  
  175  11:26  Viking, Marine x2  
  175  11:27  Viking  
  175  11:31  Ghost, Marine x2  
  175  11:32  Marine  
  186  11:42  Marine  
  186  11:43  Marauder  
  184  11:47  Marauder  
  184  11:48  Marine x2  
  184  11:49  Marauder, Marine  
  184  11:51  Liberator x2  
  192  11:54  Marauder  
  192  11:58  Command Center, Sensor Tower  
  192  12:01  Marauder  
  194  12:09  Marauder  
  194  12:10  Marauder, Marine x2  
  196  12:29  Marauder  
  187  12:33  Marauder x2, Marine x6  
  187  12:34  Marine x2  
  187  12:35  Viking  
  182  12:43  Viking  
  169  12:50  Marine  
  169  12:51  Marine x4  
  171  12:52  Marauder x2  
  171  12:53  Marine x2  
  171  12:55  Marauder x2  
  171  12:56  SCV  
  171  12:57  SCV x3  
Show
View Real Time Build Order
Export as new Build Order

Rail Protoss 

Build Orders: 1 Gate Expand, Phoenix Opening, Archon Immortal 

Get SALT Encoding   

  12  0:00  Probe  
  13  0:13  Probe  
  14  0:17  Pylon  
  14  0:24  Probe  
  15  0:32  Probe  
  15  0:36  Gateway  
  15  0:40  Probe  
  16  0:46  Assimilator  
  17  0:51  Probe  
  18  1:03  Probe  
  19  1:19  Nexus  
  19  1:28  Cybernetics Core  
  19  1:31  Probe  
  20  1:38  Assimilator  
  20  1:43  Probe  
  21  1:47  Pylon  
  21  1:55  Probe  
  22  2:02  Adept  
  22  2:08  Probe  
  25  2:16  Stargate  
  25  2:20  Probe  
  26  2:25  Adept  
  26  2:26  Warp Gate  
  26  2:32  Probe x2  
  30  2:40  Probe  
  32  2:44  Probe  
  32  2:50  Probe  
  32  2:51  Phoenix  
  32  2:56  Probe  
  34  3:01  Adept  
  34  3:02  Probe  
  39  3:08  Probe  
  40  3:14  Probe  
  40  3:16  Phoenix  
  42  3:20  Probe  
  42  3:26  Pylon  
  43  3:27  Probe  
  43  3:32  Probe  
  45  3:39  Probe  
  46  3:42  Gateway  
  46  3:43  Probe  
  46  3:44  Phoenix  
  46  3:48  Probe  
  49  3:51  Robotics Facility  
  49  3:52  Probe  
  49  3:55  Pylon  
  50  3:56  Probe  
  50  4:00  Probe  
  52  4:04  Assimilator  
  52  4:06  Probe  
  54  4:19  Nexus  
  54  4:23  Pylon  
  54  4:27  Assimilator  
  54  4:29  Sentry  
  56  4:31  Pylon  
  56  4:32  Probe, Immortal  
  59  4:45  Gateway  
  59  4:46  Sentry  
  59  4:50  Gateway  
  61  4:53  Probe  
  62  5:00  Twilight Council  
  62  5:04  Forge  
  62  5:05  Immortal  
  62  5:06  Probe  
  67  5:15  Probe  
  67  5:18  Probe, Sentry  
  67  5:21  Pylon  
  71  5:27  Probe  
  72  5:29  Probe  
  72  5:30  Pylon  
  72  5:31  Probe, Protoss Ground Weapons Level 1  
  74  5:37  Probe  
  74  5:39  Probe  
  74  5:42  Shield Battery  
  76  5:43  Probe  
  76  5:44  Observer  
  76  5:46  Adept  
  76  5:49  Adept  
  82  5:50  Probe  
  82  5:52  Probe  
  82  5:55  Zealot  
  86  5:58  Probe  
  86  6:00  Probe  
  86  6:02  Templar Archives  
  88  6:06  Probe, Pylon  
  88  6:08  Probe  
  88  6:10  Probe  
  90  6:17  Adept x2  
  96  6:18  Probe  
  96  6:22  Probe, Pylon  
  96  6:24  Immortal  
  101  6:27  Zealot  
  101  6:30  Pylon, Psionic Storm  
  101  6:32  Zealot  
  105  6:41  Assimilator  
  105  6:43  Gateway  
  105  6:44  Zealot  
  107  6:50  Gateway  
  107  6:57  Zealot x3  
  112  7:02  Twilight Council  
  112  7:08  High Templar  
  112  7:12  Probe  
  112  7:13  Assimilator  
  112  7:14  Protoss Ground Armor Level 1  
  115  7:17  Zealot x2, High Templar  
  115  7:20  Photon Cannon  
  115  7:22  Photon Cannon  
  121  7:24  Photon Cannon  
  121  7:25  Probe  
  121  7:27  Pylon  
  121  7:29  Warp Prism, Pylon  
  124  7:30  Charge  
  124  7:35  Pylon  
  124  7:36  Pylon  
  124  7:37  Probe x3  
  124  7:42  High Templar  
  124  7:43  High Templar  
  131  7:46  Pylon  
  131  7:47  Pylon  
  131  7:48  Gateway  
  131  7:51  Gateway  
  129  8:03  Archon  
  123  8:07  Immortal  
  121  8:14  Stalker, Zealot  
  121  8:15  Zealot x3  
  121  8:18  High Templar  
  138  8:20  Probe x2  
  139  8:29  Pylon  
  139  8:30  Pylon  
  139  8:35  High Templar  
  139  8:37  Pylon, Zealot, High Templar x2  
  139  8:38  Zealot  
  139  8:39  Pylon  
  149  8:42  Archon, Photon Cannon  
  149  8:46  Forge, Blink  
  149  8:57  Protoss Ground Weapons Level 2  
  149  9:01  Nexus  
  149  9:03  Pylon  
  149  9:04  Zealot x3, High Templar x2  
  149  9:08  Gateway  
  159  9:10  Gateway  
  159  9:12  Archon  
  159  9:17  Stalker, Pylon  
  159  9:24  Stalker, Zealot  
  165  9:29  Robotics Bay  
  161  9:41  Stalker, Zealot  
  161  9:44  Archon x2  
  156  9:58  Stalker, Zealot  
  156  9:59  Immortal, Zealot x3  
  164  10:05  Photon Cannon  
  168  10:09  Probe  
  153  10:22  Stalker, Zealot x3  
  153  10:24  Photon Cannon  
  153  10:26  High Templar x2  
  153  10:27  Zealot x3  
  153  10:28  Zealot  
  169  10:31  Protoss Ground Armor Level 2, Observer  
  169  10:32  Probe x2  
  169  10:33  Assimilator  
  171  10:40  Probe  
  173  10:46  Stalker, Zealot x3  
  181  10:51  Stalker x4  
  133  11:04  Stalker, Zealot  
  133  11:08  Colossus  
  133  11:09  High Templar x2  
  133  11:10  Zealot x2  
  149  11:16  High Templar  
  149  11:17  Zealot x2  
  155  11:23  Stalker  
  157  11:27  Stalker  
  157  11:29  Zealot  
  157  11:30  Zealot x2  
  165  11:39  Zealot, High Templar  
  141  11:56  Colossus  
  141  12:03  Zealot x5, High Templar  
  141  12:04  Zealot x3  
  141  12:07  Assimilator  
  165  12:12  Stalker  
  161  12:18  Shield Battery  
  156  12:24  Stalker, Zealot  
  156  12:25  Zealot x4  
  156  12:27  High Templar  
  156  12:28  Zealot  
  88  12:45  Stalker, Zealot x2  
  88  12:49  Stalker  
  88  12:50  Zealot x4  
  88  12:51  Zealot  
  103  12:52  Zealot  
  103  12:53  Zealot x2  
Tags
 
Add a new tag
Caveats
  • Supply blocks, unpowered buildings, or Contaminate may cause inaccurate times.
  • Supply counts are checked every 10 seconds.